 Dungeon Crawl Stone Soup version 0.26.0-45-g9c1d065592 (webtiles) character file.

Game seed: 15094349565458856538

37 H0rd4k the Insei (level 3, -4/23 HPs)
             Began as an Octopode Transmuter on Jan 28, 2021.
             Slain by Terence
             ... wielding a +2 trident of protection
              (7 damage)
             ... on level 2 of the Dungeon.
             The game lasted 00:00:59 (1458 turns).

H0rd4k the Insei (Octopode Transmuter)              Turns: 1458, Time: 00:00:59

Health: -4/23      AC:  1    Str:  9    XL:     3   Next: 39%
Magic:  6/6        EV: 13    Int: 16    God:
Gold:   39         SH:  0    Dex: 12    Spells: 2/6 levels left

rFire    . . .     SeeInvis .     - Unarmed
rCold    . . .     Faith    .   (no shield)
rNeg     . . .     Spirit   .   (helmet restricted)
rPois    .         Reflect  .   (no amulet)
rElec    .         Harm     .   (no ring)
rCorr    .         Rampage  .   (no ring)
Will     .....                  (no ring)
Stlth    +++.......             (no ring)
HPRegen  0.07/turn              (no ring)
MPRegen  0.10/turn              (no ring)
                                (no ring)
                                (no ring)

@: no status effects
A: almost no armour, stealthy swim, amphibious, 8 rings, constrict 8, camouflage
1, gelatinous body 1
a: no special abilities


You were on level 2 of the Dungeon.
You visited 1 branch of the dungeon, and saw 2 of its levels.

You collected 39 gold pieces.

Inventory:

Scrolls
 c - 2 scrolls of identify {unknown}
 e - a scroll of fog {unknown}
Potions
 a - 2 potions of attraction {unknown}
 b - a potion of invisibility {unknown}
 d - a potion of degeneration {unknown}


   Skills:
 + Level 1.1 Fighting
 + Level 2.2 Dodging
 + Level 1.8 Stealth
 + Level 3.6 Unarmed Combat
 + Level 2.1 Spellcasting
 + Level 2.3 Transmutations


You had 2 spell levels left.
You knew the following spells:

 Your Spells              Type           Power        Failure   Level
a - Beastly Appendage     Tmut           18%          8%          1
b - Spider Form           Tmut/Pois      2%           36%         3

Your spell library contained the following spells:

 Spells                   Type           Power        Failure   Level
 Wereblood                Tmut           9%           12%         2
 Ice Form                 Ice/Tmut       5%           77%         4
 Blade Hands              Tmut           4%           91%         5


Dungeon Overview and Level Annotations

Branches:
Dungeon (2/15)

Altars:

Annotations:
D:2 Terence


Innate Abilities, Weirdness & Mutations

You cannot wear most types of armour.
You are very stealthy in the water. (Stealth+)
You are amphibious.
You can wear up to eight rings at the same time.
You can use your tentacles to constrict eight enemies at once.
Your skin changes colour to match your surroundings (Stealth+).
Your rubbery body absorbs attacks. (AC +1, EV +1)


Message History

Terence is heavily wounded.
You constrict Terence.
Terence hits you with a +2 trident of protection!
* * * LOW HITPOINT WARNING * * *
You tentacle-slap Terence but do no damage.
Terence is severely wounded.
You constrict Terence.
Terence hits you with a +2 trident of protection.
* * * LOW HITPOINT WARNING * * *
You tentacle-slap Terence but do no damage.
Terence is severely wounded.
You constrict Terence. Terence closely misses you.
You tentacle-slap Terence but do no damage.
Terence is almost dead.
You constrict Terence, but do no damage.
You tentacle-slap Terence but do no damage.
Terence is almost dead.
You constrict Terence.
Terence hits you with a +2 trident of protection!
You die...

########## #
#.$@@....#
#.#.######.#
#.[..<...#
#....###.#
#........#
#......#.#
#...####
#.... #..##


You could see Terence.

Vanquished Creatures
  An ooze (D:1)
  A dart slug (D:1)
  A leopard gecko (D:1)
  2 giant cockroaches (D:1)
  3 hobgoblins (D:1)
  7 kobolds (D:1)
  4 bats (D:1)
  2 frilled lizards (D:1)
  3 goblins (D:1)
  6 rats (D:1)
30 creatures vanquished.

Notes
Turn   | Place    | Note
-------+----------+-------------------------------------------
     0 | D:1      | H0rd4k the Octopode Transmuter began the quest for the Orb.
     0 | D:1      | Reached XP level 1. HP: 13/13 MP: 3/3
   176 | D:1      | Reached XP level 2. HP: 11/18 MP: 5/5
   453 | D:1      | Reached skill level 1 in Stealth
   587 | D:1      | Reached XP level 3. HP: 19/23 MP: 6/6
   591 | D:1      | Learned a level 3 spell: Spider Form
  1441 | D:2      | Noticed Terence
  1458 | D:2      | Slain by Terence

Illustrated notes

Levels and vault maps discovered:
D:1:      nicolae_arrival_memento_mori, layout_loops_ring, minmay_cut_off
D:2:      layout_basic, chequers_temple_overflow_statue_of_worship,
          uniq_terence, uniq_sigmund

Skill      XL: |  1  2 |
---------------+-------+-----
Stealth        | 1 |  1.8
Fighting       | |  1.1
Dodging        | |  2.2
Unarmed Combat | |  3.6
Spellcasting   | |  2.1
Transmutations | |  2.3

Action                   || total
-------------------------++-------
Melee: Unarmed           ||    88
       Tentacles         ||    10
       Constrict         ||    19
       Punch             ||     2
 Stab: Sleeping          ||    11
Armor: Skin              ||     9
Dodge: Dodged            ||    37
